 Dungeon Crawl Stone Soup version 0.31-a0-217-g58bb5d79cf (webtiles) character file.

Game seed: 4158495194772338416

59 qw the Shooter (level 3, -3/29 HPs)
             Began as a Minotaur Hexslinger on July 2, 2023.
             Killed by nerve-wracking pain
             ... invoked by Jessica
              (14 damage)
             ... on level 2 of the Dungeon.
             The game lasted 00:00:30 (1043 turns).

qw the Shooter (Minotaur Hexslinger)                Turns: 1043, Time: 00:00:30

Health: -3/29      AC:  5    Str: 12    XL:     3   Next: 78%
Magic:  3/3        EV: 11    Int: 10    God:
Gold:   110        SH:  0    Dex: 14    Spells: 3/4 levels left

rFire   . . .        Y - +1 sling (freeze)
rCold   . . .        (no shield)
rNeg    . . .        f - +0 ring mail
rPois   .            (helmet restricted)
rElec   .            (no cloak)
rCorr   .            (no gloves)
SInv    .            (no boots)
Will    .....        (no amulet)
Stlth   +            (no ring)
HPRegen 0.24/turn    (no ring)
MPRegen 0.08/turn

%: no passive effects
@: no status effects
A: horns 2, retaliatory headbutt
a: no special abilities


You were on level 2 of the Dungeon.
You visited 1 branch of the dungeon, and saw 2 of its levels.

You collected 110 gold pieces.


Innate Abilities, Weirdness & Mutations

You have a pair of horns on your head.
You reflexively headbutt those who attack you in melee.


   Skills:
 - Level 2.0 Fighting
 + Level 4.0 Ranged Weapons
 - Level 1.4 Armour
 - Level 2.1 Dodging
 - Level 1.0 Spellcasting
 - Level 2.0 Hexes


You had 3 spell levels left.
You knew the following spells:

 Your Spells              Type           Power      Damage    Failure   Level
a - Slow                  Hex            16%        N/A       32%         1

Your spell library contained the following spells:

 Spells                   Type           Power      Damage    Failure   Level
 Inner Flame              Hex/Fire       2%         N/A       83%         3
 Portal Projectile        Hex/Tloc       4%         N/A       83%         3
 Cause Fear               Hex            2%         N/A       97%         4

Inventory:

Hand Weapons
 Y - a +1 sling of freezing (weapon)
Armour
 f - a +0 ring mail (worn)
Scrolls
 a - a scroll of enchant armour {unknown}
 b - a scroll of fog {unknown}
 g - a scroll of identify
Potions
 c - a potion of mutation {unknown}
 e - a potion of heal wounds {unknown}
 h - a potion of invisibility {unknown}
 i - a potion of lignification {unknown}

Dungeon Overview and Level Annotations

Branches:
Dungeon (2/15)

Altars:

Annotations:
D:2 Jessica


Message History

Jessica points at you and mumbles some strange words.
You resist with some effort.
You shoot a sling bullet.
The sling bullet completely misses Jessica.
You shoot a sling bullet. The sling bullet barely misses Jessica.
The sling bullet hits the plant.
The plant begins to die.
The sling bullet freezes the plant.
The plant is lightly damaged.
Jessica hits you but does no damage.
You shoot a sling bullet.
The sling bullet closely misses Jessica.
The sling bullet hits the plant.
The sling bullet freezes the plant.
The plant is lightly damaged.
Jessica splashes around in the water.
Jessica hits you with a +0 dagger.
You shoot a sling bullet. The sling bullet barely misses Jessica.
The sling bullet completely misses the plant.
Jessica hits you but does no damage.
Jessica splashes around in the water.
You shoot a sling bullet. The sling bullet barely misses Jessica.
The sling bullet hits the plant.
The sling bullet freezes the plant.
The plant is lightly damaged.
A nearby plant withers and dies.
Jessica hits you with a +0 dagger. Jessica closely misses you.
You shoot a sling bullet.
The sling bullet hits Jessica but does no damage.
Jessica hits you with a +0 dagger. Jessica barely misses you.
Jessica casts a spell at you. Pain shoots through your body!
You shoot a sling bullet.
The sling bullet completely misses Jessica.
Jessica splashes around in the water. x2
You shoot a sling bullet. The sling bullet barely misses Jessica.
Jessica barely misses you.
Jessica gestures wildly while chanting.
Jessica blinks!
You shoot a sling bullet. The sling bullet hits Jessica.
The sling bullet freezes Jessica.
Jessica is almost dead.
Jessica casts a spell at you. Pain shoots through your body!
You die...

#.........###......#######.#
#.........##................
#:........>...#.#..#######..
#..........#..#.#..#######..
####'#####.#................
#.......%..#....#######..
#######.#P..P.#P#. #%.
#..~~~~~.~~P.######.
#..@~~.~~.~~........
#..@.~~~~.~~.#......
#.~.~~~~~~.~........
#....~P~.~~P.#..####
##7~~.~~~~P..#..#...
..P7.%....%%....#
#...##.######.###
##..............#
.#.##...###.#.#


You could see Jessica (fast).

Vanquished Creatures
  3 adders
  2 ball pythons (D:1)
  3 endoplasms (D:1)
  A giant cockroach (D:1)
  6 goblins
  4 hobgoblins
  A quokka (D:2)
  2 bats (D:1)
  A frilled lizard (D:1)
  4 kobolds
  3 rats (D:2)
30 creatures vanquished.

Notes
Turn   | Place    | Note
-------+----------+-------------------------------------------
     0 | D:1      | qw the Minotaur Hexslinger began the quest for the Orb.
     0 | D:1      | Reached XP level 1. HP: 16/16 MP: 1/1
     0 | D:1      | 0 ||| qw: Version: 0.3-a-40-ge99b1a8
     0 | D:1      | 0 ||| qw: Game counter: 275
     0 | D:1      | 0 ||| qw: Melee chars always use a shield: true
     0 | D:1      | 0 ||| qw: God list: Okawaru
     0 | D:1      | 0 ||| qw: Allow faded altars: false
     0 | D:1      | 0 ||| qw: Do Orc after clearing Dungeon:15 true
     0 | D:1      | 0 ||| qw: Do second Lair branch before Depths: true
     0 | D:1      | 0 ||| qw: Lair rune preference: random
     0 | D:1      | 0 ||| qw: Goals: Normal
     0 | D:1      | 0 ||| PLANNING D:1-11
    10 | D:1      | 10 ||| SWAPPING to +0 sling of freezing.
    11 | D:1      | 11 ||| DROPPING +1 sling.
   115 | D:1      | 115 ||| FLEEEEING.
   116 | D:1      | 116 ||| FLEEEEING.
   117 | D:1      | 117 ||| FLEEEEING.
   118 | D:1      | 118 ||| FLEEEEING.
   119 | D:1      | 119 ||| FLEEEEING.
   120 | D:1      | 120 ||| FLEEEEING.
   121 | D:1      | 121 ||| FLEEEEING.
   124 | D:1      | 124 ||| FLEEEEING.
   133 | D:1      | Reached skill level 3 in Ranged Weapons
   163 | D:1      | Reached XP level 2. HP: 23/23 MP: 2/2
   453 | D:1      | 453 ||| UPGRADING to +0 ring mail.
   463 | D:1      | 463 ||| DROPPING +0 robe.
   464 | D:1      | 464 ||| READING scroll labelled LEKOQU FOIJEXE.
   465 | D:1      | 465 ||| READING 2 scrolls labelled PEQUNI CEUHOS.
   466 | D:1      | 466 ||| READING 4 scrolls labelled JUKOVI MOCLYME.
   567 | D:1      | 567 ||| DROPPING scroll of poison.
   568 | D:1      | 568 ||| DROPPING 3 scrolls of silence.
   605 | D:2      | 605 ||| STAIRDANCE
   622 | D:2      | 622 ||| STAIRDANCE
   631 | D:1      | Reached XP level 3. HP: 17/29 MP: 3/3
   727 | D:2      | Reached skill level 4 in Ranged Weapons
   737 | D:2      | 737 ||| FLEEEEING.
  1006 | D:2      | Reached skill level 1 in Armour
  1031 | D:2      | Noticed Jessica
  1043 | D:2      | Killed from afar by Jessica

Levels and vault maps discovered:
D:1:      dpeg_arrival_refuge, layout_rooms, minmay_vboxes
D:2:      layout_basic, serial_bayou_pond_b, uniq_jessica

Skill      XL: |  1  2  3 |
---------------+----------+-----
Ranged Weapons | 3 4 |  4.0
Fighting       | 2 |  2.0
Armour         | 1 |  1.4
Dodging        | |  2.1
Spellcasting   | |  1.0
Hexes          | |  2.0

Action                     || total
---------------------------++-------
   Fire: Sling             ||    96
    Use: Scroll            ||     3
 Armour: Ring mail         ||    21
         Robe              ||     3
  Dodge: Dodged            ||    40

Table legend:
 A = Non-vault XP
 B = Vault XP
 C = Vault XP percentage of total XP
 D = Non-vault monster count
 E = Vault monster count
 F = Vault count percentage of total count
                 A         B        C        D         E       F
            +---------+---------+-------+---------+---------+-------
      Total |      73 |      12 |  14.1 |      22 |       8 |  26.7
            +---------+---------+-------+---------+---------+-------
        D:1 |      35 |       9 |  20.5 |      13 |       5 |  27.8
        D:2 |      38 |       3 |   7.3 |       9 |       3 |  25.0
            +---------+---------+-------+---------+---------+-------
